Map: Catalyst LE

Players

Elazer - Winner!

  • Race: Zerg Zerg
  • Spawn Location: 5:00

Zest

  • Race: Protoss Protoss
  • Spawn Location: 11:00

Event: IEM Season 12 - PyeongChang

VOD

Have the link to the VOD?

Description

Time

  • Played on: Feb. 5, 2018, 9:22 p.m.
  • Length: 11:34

All games in this series

Show
View Real Time Build Order
Export as new Build Order

Elazer Zerg - Winner!

Build Orders: Hatch First, Lurkers, Roach Hydra 

Get SALT Encoding   

  12  0:00  Drone  
  13  0:12  Overlord  
  13  0:16  Drone  
  14  0:30  Drone x2  
  16  0:48  Hatchery  
  15  0:51  Drone  
  15  0:54  Drone  
  17  0:57  Drone  
  18  1:07  Extractor  
  17  1:13  Spawning Pool  
  17  1:16  Drone  
  17  1:20  Drone  
  18  1:27  Drone  
  19  1:38  Drone  
  20  1:48  Overlord  
  20  2:00  Queen x2, Zergling x4  
  26  2:08  Metabolic Boost  
  26  2:10  Drone  
  26  2:12  Drone  
  28  2:22  Drone x2  
  30  2:35  Hatchery  
  29  2:39  Drone  
  30  2:44  Queen  
  30  2:49  Overlord  
  32  2:51  Drone  
  32  2:54  Drone  
  34  2:59  Zergling x2  
  34  3:00  Zergling x2  
  36  3:08  Drone x2  
  36  3:11  Drone x3  
  41  3:17  Overlord  
  41  3:21  Queen  
  41  3:24  Drone  
  41  3:27  Spore Crawler  
  43  3:28  Drone  
  44  3:35  Drone  
  44  3:37  Drone  
  44  3:38  Drone  
  47  3:43  Overlord  
  47  3:45  Drone x2  
  47  3:47  Drone x2  
  49  3:51  Drone  
  49  3:56  Drone x2  
  49  3:59  Drone  
  49  4:01  Drone  
  53  4:04  Lair  
  53  4:07  Overlord  
  53  4:08  Drone  
  54  4:12  Spore Crawler  
  54  4:15  Roach Warren  
  52  4:18  Extractor  
  52  4:19  Drone, Extractor  
  52  4:20  Drone  
  52  4:22  Drone  
  53  4:25  Overlord  
  53  4:26  Drone  
  53  4:29  Drone  
  55  4:33  Drone x2  
  55  4:35  Overlord  
  57  4:41  Overlord  
  57  4:51  Drone x2  
  57  4:52  Spore Crawler  
  58  4:59  Roach, Zergling x8  
  65  5:00  Roach x2  
  65  5:01  Glial Reconstitution  
  65  5:04  Drone x2  
  65  5:06  Drone  
  70  5:07  Roach  
  70  5:11  Drone  
  70  5:12  Drone  
  71  5:14  Drone x2  
  71  5:16  Drone  
  71  5:20  Drone  
  71  5:21  Drone  
  76  5:24  Overlord  
  76  5:29  Roach x2  
  80  5:37  Roach x4  
  80  5:40  Overlord  
  88  5:44  Extractor  
  88  5:46  Roach  
  88  5:48  Roach x3  
  95  5:51  Drone, Hydralisk Den  
  95  5:53  Drone  
  95  5:56  Drone x2  
  98  6:01  Drone  
  98  6:02  Drone x3  
  98  6:03  Drone  
  101  6:05  Drone  
  99  6:11  Overlord  
  99  6:12  Drone  
  99  6:15  Drone x3, Extractor  
  99  6:17  Evolution Chamber  
  101  6:20  Overlord  
  101  6:23  Roach x2  
  101  6:25  Overlord  
  105  6:28  Muscular Augments  
  105  6:32  Drone x3, Extractor  
  107  6:33  Lurker Den  
  107  6:35  Drone x2  
  107  6:37  Drone x2  
  110  6:42  Zerg Missile Weapons Level 1  
  110  6:50  Overlord  
  110  6:51  Hydralisk  
  110  6:52  Hatchery  
  111  7:00  Overlord  
  111  7:02  Roach x4  
  111  7:03  Roach  
  121  7:11  Overlord x2  
  119  7:16  Hydralisk x4  
  119  7:20  Ravager x3  
  119  7:21  Overlord  
  130  7:28  Overlord  
  130  7:33  Hydralisk x5  
  140  7:39  Grooved Spines  
  140  7:40  Hydralisk  
  140  7:41  Hydralisk  
  144  7:45  Overlord x2  
  144  7:47  Overseer  
  144  7:54  Hydralisk  
  144  7:55  Hydralisk x2  
  146  8:06  Hydralisk x4  
  146  8:09  Lurker  
  155  8:14  Lurker  
  155  8:16  Overlord  
  155  8:17  Zergling x4  
  155  8:18  Zergling x10  
  163  8:33  Hydralisk x2  
  163  8:34  Hydralisk x3  
  165  8:35  Zergling x2  
  165  8:37  Lurker  
  175  8:42  Overlord, Lurker  
  175  8:47  Zergling x2  
  175  8:48  Zergling x14  
  184  8:59  Hydralisk  
  184  9:00  Hydralisk x2  
  190  9:07  Lurker  
  190  9:08  Lurker  
  190  9:11  Lurker  
  190  9:12  Overlord  
  190  9:16  Zergling x10  
  198  9:24  Lurker x2  
  189  9:37  Hydralisk x5  
  176  9:42  Hydralisk  
  157  9:46  Hydralisk x2  
  157  9:52  Hydralisk x2  
  138  9:59  Hydralisk  
  128  10:00  Hydralisk  
  128  10:04  Zergling x16  
  128  10:05  Zergling x8  
  140  10:13  Hydralisk x2  
  140  10:18  Hatchery  
  140  10:19  Hydralisk x2  
  140  10:22  Hydralisk x2  
  140  10:26  Hydralisk x3  
  140  10:28  Zergling x16  
  156  10:29  Overseer  
  158  10:40  Zergling x8  
  134  10:52  Hydralisk x3  
  127  10:58  Hydralisk x2  
  127  10:59  Hydralisk x4  
  127  11:00  Zergling x6  
  140  11:05  Zergling x4  
  150  11:22  Hatchery  
Show
View Real Time Build Order
Export as new Build Order

Zest Protoss 

Build Orders: 1 Gate Expand, Oracle Opening, Phoenix Opening, Archon Immortal, Zealot Archon, Archon Drop 

Get SALT Encoding   

  12  0:00  Probe  
  13  0:12  Probe  
  14  0:17  Pylon  
  14  0:24  Probe (Chrono Boost)  
  15  0:37  Probe (Chrono Boost)  
  15  0:40  Gateway  
  16  0:44  Probe (Chrono Boost)  
  16  0:46  Assimilator  
  17  0:51  Probe  
  18  1:03  Probe  
  19  1:15  Probe  
  20  1:23  Nexus  
  20  1:33  Cybernetics Core  
  20  1:36  Probe  
  21  1:42  Assimilator  
  21  1:48  Probe  
  21  1:52  Pylon  
  22  2:01  Probe  
  23  2:08  Adept (Chrono Boost)  
  23  2:12  Stargate  
  23  2:15  Probe  
  26  2:22  Warp Gate  
  26  2:27  Adept  
  26  2:28  Probe (Chrono Boost)  
  29  2:35  Probe (Chrono Boost)  
  32  2:45  Probe x2 (Chrono Boost)  
  33  2:51  Probe x2 (Chrono Boost)  
  33  2:56  Oracle (Chrono Boost)  
  36  3:04  Probe x2  
  41  3:13  Pylon  
  41  3:16  Probe x2  
  41  3:23  Oracle (Chrono Boost)  
  44  3:28  Probe x2  
  44  3:34  Assimilator  
  46  3:36  Assimilator  
  46  3:40  Probe x2  
  46  3:41  Gateway  
  48  3:52  Probe x2, Phoenix (Chrono Boost)  
  52  4:00  Pylon  
  52  4:04  Probe x2  
  52  4:07  Robotics Facility  
  51  4:12  Twilight Council  
  51  4:16  Probe x2  
  53  4:28  Probe x2  
  53  4:31  Gateway, Pylon  
  54  4:34  Pylon  
  54  4:35  Gateway  
  54  4:49  Charge (Chrono Boost)  
  54  4:54  Templar Archives  
  54  4:57  Warp Prism (Chrono Boost)  
  56  5:11  Gateway  
  56  5:12  Gateway  
  56  5:14  Gateway  
  56  5:15  Gateway  
  56  5:35  Nexus  
  56  5:37  Pylon  
  56  5:42  High Templar x4  
  64  5:46  Archon x2  
  65  5:50  Observer  
  65  6:01  Shield Battery  
  65  6:02  Pylon  
  63  6:06  Pylon  
  67  6:11  Immortal (Chrono Boost)  
  67  6:16  Sentry  
  67  6:17  Sentry  
  67  6:18  Probe x2  
  73  6:19  Sentry  
  73  6:22  Zealot x5  
  85  6:32  Pylon  
  85  6:36  Pylon  
  85  6:41  Immortal (Chrono Boost)  
  85  6:44  Stalker  
  91  6:47  Probe x3  
  91  6:48  Forge  
  94  7:03  Probe x2  
  94  7:10  Probe  
  94  7:15  Probe x2  
  97  7:16  Immortal (Chrono Boost)  
  97  7:19  Psionic Storm  
  97  7:22  Probe  
  102  7:27  Zealot x3, Probe (Chrono Boost)  
  102  7:28  Zealot, Probe (Chrono Boost)  
  110  7:34  Probe (Chrono Boost)  
  110  7:35  Protoss Ground Weapons Level 1 (Chrono Boost)  
  114  7:45  Probe x3 (Chrono Boost)  
  114  7:50  Probe (Chrono Boost)  
  115  7:51  Probe x2 (Chrono Boost), High Templar x2  
  115  7:55  Pylon, Immortal (Chrono Boost)  
  115  7:57  Pylon  
  125  8:09  Assimilator  
  125  8:10  Assimilator  
  125  8:12  Pylon  
  125  8:13  Probe  
  125  8:14  Pylon  
  125  8:15  High Templar x2  
  125  8:17  Zealot x4  
  138  8:33  Immortal (Chrono Boost)  
  138  8:39  Robotics Facility  
  138  8:40  Pylon  
  142  8:54  Zealot x6  
  153  8:57  Probe x3  
  153  8:58  Immortal  
  152  9:16  Probe x2  
  154  9:17  Pylon x2  
  154  9:26  Pylon  
  154  9:32  Zealot x3  
  154  9:33  Zealot x3  
  139  9:44  Zealot  
  139  9:45  Zealot  
  109  9:54  Immortal (Chrono Boost)  
  109  9:58  Immortal (Chrono Boost)  
  97  10:00  Zealot x6  
  97  10:06  Zealot x2  
  107  10:23  Zealot x6  
  107  10:27  Immortal (Chrono Boost)  
  123  10:38  Archon  
  111  10:46  Zealot x6  
  111  10:47  Zealot  
  103  10:51  Observer (Chrono Boost)  
  89  11:00  Sentry  
  89  11:03  Immortal (Chrono Boost)  
  91  11:07  High Templar x4  
  91  11:08  High Templar  
  91  11:09  High Templar  
  91  11:10  Zealot  
  105  11:12  Archon x2  
  105  11:15  Archon  
  105  11:18  Shield Battery  
  105  11:29  Zealot  

Tags
 
Add a new tag
Caveats
  • Supply blocks, unpowered buildings, or Contaminate may cause inaccurate times.
  • Supply counts are checked every 10 seconds.